 Dungeon Crawl Stone Soup version 0.30.0-29-ga12c61a403 (webtiles) character file.

Game seed: 12064793218490347898

3319 croobank the Covert (level 10, 0/74 HPs)
             Began as a Gnoll Fire Elementalist on June 6, 2023.
             Was a Believer of Sif Muna.
             Slain by a killer bee (7 damage)
             ... on level 7 of the Dungeon.
             The game lasted 00:17:40 (7227 turns).

croobank the Covert (Gnoll Fire Elementalist)       Turns: 7227, Time: 00:17:41

Health: 0/74       AC:  8    Str: 12    XL:     10   Next: 2%
Magic:  12/20      EV: 14    Int: 18    God:    Sif Muna [**....]
Gold:   339        SH:  0    Dex: 12    Spells: 13/23 levels left

rFire   . . .        m - +2 long sword of Dull Prudence {speed, Will+ Str+3}
rCold   + . .        (no shield)
rNeg    . . .        f - +2 robe {rC+}
rPois   .            (no helmet)
rElec   .            (no cloak)
rCorr   .            a - +0 pair of gloves
SInv    .            n - +2 pair of boots
Will    ++...        h - amulet of magic regeneration
Stlth   ++           L - ring of willpower
HPRegen 0.32/turn    (no ring)
MPRegen 0.57/turn

%: no passive effects
@: confused, ambrosia-drunk, studying Stealth
A: fangs 1, strong nose, distributed training
a: Renounce Religion, Channel Magic


You were on level 7 of the Dungeon.
You worshipped Sif Muna.
Sif Muna was pleased with you.
You visited 1 branch of the dungeon, and saw 7 of its levels.

You collected 339 gold pieces.

Inventory:

Hand Weapons
 e - a +0 short sword
 m - the +2 long sword of Dull Prudence (weapon) {speed, Will+ Str+3}
   (You found it on level 4 of the Dungeon)

   Str:       It affects your strength (+3).
   Will:      It increases your willpower.
 p - a +3 dagger of holy wrath
 w - a +1 trident of flaming
 y - a +5 whip of holy wrath
 A - a +0 scimitar
 F - a +2 short sword of speed
Missiles
 D - 2 throwing nets (quivered)
 I - 6 boomerangs
 K - 2 silver javelins
Armour
 a - a +0 pair of gloves (worn)
 c - a +1 leather armour of positive energy
 f - a +2 robe of cold resistance (worn)
 n - a +2 pair of boots (worn)
 s - the +2 ring mail "Jeodoos" {Harm +Inv Regen+}
   (You found it on level 3 of the Dungeon)

   +Inv:      It lets you turn invisible.
   Regen:     It increases your rate of health regeneration.
   Harm:      It increases damage dealt and taken.
 x - a +3 kite shield of fire resistance
Jewellery
 h - an amulet of magic regeneration (around neck)
 L - a ring of willpower (left hand)
Wands
 r - a wand of acid (4)
 G - a wand of flame (45)
Scrolls
 k - a scroll of teleportation
 t - a scroll of blinking
 v - a scroll of vulnerability
 E - a scroll of fog
Potions
 b - 2 potions of magic
 d - a potion of haste
 g - a potion of brilliance
 i - 2 potions of berserk rage
 l - 4 potions of resistance
 o - 5 potions of mutation
 q - a potion of flight
 u - 2 potions of attraction


   Skills:
 + Level 5.0 Fighting
 + Level 5.0 Short Blades
 + Level 5.0 Long Blades
 + Level 5.0 Axes
 + Level 5.0 Maces & Flails
 + Level 5.0 Polearms
 + Level 5.0 Staves
 + Level 5.0 Ranged Weapons
 + Level 5.0 Throwing
 + Level 5.0 Armour
 + Level 6.8 Dodging
 + Level 8.2 Stealth
 + Level 5.0 Shields
 + Level 5.0 Unarmed Combat
 + Level 7.1 Spellcasting
 + Level 4.7 Conjurations
 + Level 4.1 Hexes
 + Level 4.1 Summonings
 + Level 4.1 Necromancy
 + Level 4.1 Translocations
 + Level 4.1 Transmutations
 + Level 6.9 Fire Magic
 + Level 4.1 Ice Magic
 + Level 4.1 Air Magic
 + Level 4.1 Earth Magic
 + Level 4.1 Poison Magic
 + Level 5.5 Invocations
 + Level 5.0 Evocations


You had 13 spell levels left.
You knew the following spells:

 Your Spells              Type           Power      Damage    Failure   Level
a - Foxfire               Conj/Fire      100%       2x1d9     1%          1
b - Scorch                Fire           62%        2d8       1%          2
c - Inner Flame           Hex/Fire       26%        N/A       3%          3
d - Flame Wave            Conj/Fire      27%        2d9       10%         4

Your spell library contained the following spells:

 Spells                   Type           Power      Damage    Failure   Level
 Freeze                   Ice            84%        1d9       1%          1
 Ensorcelled Hibernation  Hex/Ice        42%        N/A       3%          2
 Volatile Blastmotes      Fire/Tloc      52%        2d14      3%          3
 Hailstorm                Conj/Ice       22%        3d7       5%          3
 Frozen Ramparts          Ice            42%        1d7       6%          3
 Spider Form              Tmut/Pois      21%        N/A       6%          3
 Anguish                  Hex/Necr       10%        N/A       19%         4


Dungeon Overview and Level Annotations

Branches:
Dungeon (7/15)             Temple (0/1) D:7

Altars:
Dithmenos
Okawaru
Qazlal
Sif Muna
Xom
The Shining One


Innate Abilities, Weirdness & Mutations

You have very sharp teeth.
Your uncanny sense of smell can sniff out nearby items.
Your experience applies equally to all skills.


Message History

The killer bee is lightly wounded.
You feel very sick.
The two-headed ogre is no longer more vulnerable to fire.
The killer bee stings you!
The killer bee stings you but does no damage.
A killer bee comes into view.
The killer bee stings you but does no damage.
The killer bee stings you. The two-headed ogre misses you.
The two-headed ogre hits you with a +0 great mace!
* * * LOW HITPOINT WARNING * * *
Blink to where?
Press: ? - help, Dir - move target
As you read the scroll of blinking, it crumbles to dust.
You feel sick.
A killer bee comes into view.
You feel sick.
Okay, then.
As you read the scroll of teleportation, it crumbles to dust.
You feel strangely unstable.
You feel sick. The killer bee misses you.
You feel sick. The killer bee misses you.
It was a potion of attraction.
You feel attractive to monsters.
You feel sick. The killer bee is attracted toward you.
It was a potion of cancellation.
You feel strangely stable.
Your magical effects are unravelling.
You feel magically purged.
You feel sick. The killer bee stings you.
* * * LOW HITPOINT WARNING * * *
The killer bee stings you.
* * * LOW HITPOINT WARNING * * *
The killer bee barely misses you.
The killer bee stings you but does no damage.
The two-headed ogre is attracted toward you.
You feel less attractive to monsters.
It was a potion of ambrosia.
You are confused.
You feel invigorated.
You feel sick.
You are no longer poisoned.
The killer bee stings you!
You die...

#.. #....#...#.....#....#....
#... ....#...#.....#....#....
##....###'##...#.....###'######
.....))))......#...........#...
.....)O)...§...#...........#...
##....##..##§..#...........#...
#...) #..##O.y#...........#..#
..... #..#..yy#...........#..#
##... #..#..y@###'##......#..#
#.o #..#....#....#......##'#
'.. #..#....#....+.....))...
#..#....#....#......#)..
##.####.###......#'##
#######.####'#######.....#
#........#.........#.....#
#...)....#.........#.....#
######.###.>.##....#.....#


You could see a two-headed ogre and 4 killer bees.

Vanquished Creatures
  Grinder (D:5)
  Prince Ribbit (D:7)
  6 yaks
  A wraith (D:5)
  Menkaure (D:5)
  A steam dragon (D:6)
  An orc warrior (D:7)
  2 ice beasts
  A black bear (D:7)
  An ogre (D:6)
  A centaur (D:6)
  A phantom (D:5)
  2 bullfrogs (D:6)
  2 gnoll sergeants
  A scorpion (D:4)
  3 killer bees (D:7)
  2 jellies (D:5)
  3 hounds
  2 orc priests
  A sleepcap (D:5)
  3 orc wizards
  12 gnolls
  7 adders
  A white imp (D:5)
  An ufetubus (D:6)
  A worm (D:2)
  A dart slug (D:1)
  25 orcs
  3 bats
  15 endoplasms
  4 giant cockroaches
  18 goblins
  9 hobgoblins
  12 jackals
  4 quokkas
  4 ball pythons
  6 frilled lizards
  11 kobolds
  2 rats (D:2)
173 creatures vanquished.

Vanquished Creatures (others)
  202 foxfires
202 creatures vanquished.

Grand Total: 375 creatures vanquished

Notes
Turn   | Place    | Note
-------+----------+-------------------------------------------
     0 | D:1      | croobank the Gnoll Fire Elementalist began the quest for
                  | the Orb.
     0 | D:1      | Reached XP level 1. HP: 13/13 MP: 6/6
    95 | D:1      | Reached XP level 2. HP: 19/19 MP: 4/7
   103 | D:1      | Learned a level 2 spell: Scorch
   774 | D:1      | Found a faded altar of an unknown god.
   810 | D:1      | Reached skill level 5 in Spellcasting
   810 | D:1      | Reached XP level 3. HP: 24/25 MP: 3/9
   982 | D:1      | Reached skill level 1 in Invocations
  1193 | D:2      | Reached skill level 1 in Fighting
  1193 | D:2      | Reached skill level 1 in Short Blades
  1193 | D:2      | Reached skill level 1 in Long Blades
  1193 | D:2      | Reached skill level 1 in Axes
  1193 | D:2      | Reached skill level 1 in Maces & Flails
  1193 | D:2      | Reached skill level 1 in Polearms
  1193 | D:2      | Reached skill level 1 in Staves
  1193 | D:2      | Reached skill level 1 in Ranged Weapons
  1193 | D:2      | Reached skill level 1 in Throwing
  1193 | D:2      | Reached skill level 1 in Armour
  1193 | D:2      | Reached skill level 1 in Shields
  1193 | D:2      | Reached skill level 1 in Unarmed Combat
  1193 | D:2      | Reached skill level 1 in Evocations
  1402 | D:2      | Reached XP level 4. HP: 30/32 MP: 6/11
  1563 | D:2      | Reached skill level 1 in Hexes
  1563 | D:2      | Reached skill level 1 in Summonings
  1563 | D:2      | Reached skill level 1 in Necromancy
  1563 | D:2      | Reached skill level 1 in Translocations
  1563 | D:2      | Reached skill level 1 in Transmutations
  1563 | D:2      | Reached skill level 1 in Ice Magic
  1563 | D:2      | Reached skill level 1 in Air Magic
  1563 | D:2      | Reached skill level 1 in Earth Magic
  1563 | D:2      | Reached skill level 1 in Poison Magic
  1815 | D:2      | Reached XP level 5. HP: 37/37 MP: 9/12
  2705 | D:3      | Identified the +2 ring mail "Jeodoos" {Harm +Inv Regen+}
  3295 | D:4      | Found a shimmering altar of Xom.
  3295 | D:4      | Found a stormy altar of Qazlal.
  3405 | D:4      | Identified the +2 long sword of Dull Prudence {speed, Will+
                  | Str+3}
  3687 | D:4      | Found a shimmering blue altar of Sif Muna.
  3694 | D:4      | Reached XP level 6. HP: 44/44 MP: 7/13
  3698 | D:4      | Became a worshipper of Sif Muna the Loreminder
  4099 | D:5      | Entered Level 5 of the Dungeon
  4144 | D:5      | Found an iron altar of Okawaru.
  4150 | D:5      | Noticed Menkaure
  4154 | D:5      | Reached skill level 5 in Dodging
  4287 | D:5      | Killed Menkaure
  4288 | D:5      | Reached skill level 5 in Stealth
  4288 | D:5      | Reached XP level 7. HP: 28/51 MP: 9/15
  4408 | D:5      | Noticed Grinder
  4412 | D:5      | Paralysed by Grinder for 3 turns
  4420 | D:5      | Killed Grinder
  4631 | D:5      | Noticed a yak
  4631 | D:5      | Noticed a yak
  4632 | D:5      | Noticed a yak
  4632 | D:5      | Noticed a yak
  4633 | D:5      | Noticed a yak
  4633 | D:5      | Noticed a yak
  4675 | D:4      | Killed a yak
  4676 | D:4      | Reached XP level 8. HP: 50/58 MP: 13/16
  4799 | D:5      | Reached skill level 6 in Stealth
  4842 | D:5      | Noticed a wraith
  4861 | D:5      | Killed a wraith
  4999 | D:5      | Reached * piety under Sif Muna
  5124 | D:5      | Killed a yak
  5131 | D:5      | Killed a yak
  5148 | D:6      | Killed a yak
  5182 | D:6      | Reached XP level 9. HP: 28/65 MP: 9/18
  5235 | D:6      | Reached skill level 7 in Stealth
  5503 | D:6      | Found a glowing golden altar of the Shining One.
  5925 | D:6      | Reached skill level 5 in Invocations
  6178 | D:7      | Found a staircase to the Ecumenical Temple.
  6216 | D:7      | Noticed Prince Ribbit
  6225 | D:7      | Killed Prince Ribbit
  6523 | D:7      | Found a shadowy altar of Dithmenos.
  6685 | D:7      | Reached skill level 8 in Stealth
  7178 | D:7      | Learned a level 3 spell: Inner Flame
  7183 | D:7      | Learned a level 4 spell: Flame Wave
  7212 | D:7      | Noticed a two-headed ogre
  7214 | D:7      | Reached ** piety under Sif Muna
  7219 | D:7      | Reached skill level 5 in Fighting
  7219 | D:7      | Reached skill level 5 in Short Blades
  7219 | D:7      | Reached skill level 5 in Long Blades
  7219 | D:7      | Reached skill level 5 in Axes
  7219 | D:7      | Reached skill level 5 in Maces & Flails
  7219 | D:7      | Reached skill level 5 in Polearms
  7219 | D:7      | Reached skill level 5 in Staves
  7219 | D:7      | Reached skill level 5 in Ranged Weapons
  7219 | D:7      | Reached skill level 5 in Throwing
  7219 | D:7      | Reached skill level 5 in Armour
  7219 | D:7      | Reached skill level 5 in Shields
  7219 | D:7      | Reached skill level 5 in Unarmed Combat
  7219 | D:7      | Reached skill level 5 in Evocations
  7219 | D:7      | Reached XP level 10. HP: 47/74 MP: 7/20
  7227 | D:7      | Slain by a killer bee

Illustrated notes

Levels and vault maps discovered:
D:1:      elethiomel_arrival_maze, layout_basic, ebering_ecumenical_altar_webs,
          minmay_tetromino_t4
D:2:      kennysheep_the_goblin_king, layout_basic, minmay_quadrilaterals
D:3:      layout_basic
D:4:      layout_loops_ring, kennysheep_orc_sif_temple,
          gammafunk_temple_overflow_wave
D:5:      layout_basic, okawaru_ov_weapons_minmay, uniq_menkaure, uniq_grinder
D:6:      layout_basic, mainiacjoe_overflow_concentric_impassable
D:7:      layout_gridville, nicolae_dithmenos_the_darkroom,
          kennysheep_little_box, minmay_temple_entry_junction,
          guppyfry_early_elven_hall, uniq_prince_ribbit1

Skill      XL: |  1  2  3  4  5  6  7  8  9 |
---------------+----------------------------+-----
Conjurations   | 2 3 4 |  4.7
Spellcasting   | 5 6 7 |  7.1
Invocations    | 1 2 3 4 5 |  5.5
Fighting       | 1 2 3 5 |  5.0
Short Blades   | 1 2 3 5 |  5.0
Long Blades    | 1 2 3 5 |  5.0
Axes           | 1 2 3 5 |  5.0
Maces & Flails | 1 2 3 5 |  5.0
Polearms       | 1 2 3 5 |  5.0
Staves         | 1 2 3 5 |  5.0
Ranged Weapons | 1 2 3 5 |  5.0
Throwing       | 1 2 3 5 |  5.0
Armour         | 1 2 3 5 |  5.0
Shields        | 1 2 3 5 |  5.0
Unarmed Combat | 1 2 3 5 |  5.0
Evocations     | 1 2 3 5 |  5.0
Hexes          | 1 2 3 4 |  4.1
Summonings     | 1 2 3 4 |  4.1
Necromancy     | 1 2 3 4 |  4.1
Translocations | 1 2 3 4 |  4.1
Transmutations | 1 2 3 4 |  4.1
Ice Magic      | 1 2 3 4 |  4.1
Air Magic      | 1 2 3 4 |  4.1
Earth Magic    | 1 2 3 4 |  4.1
Poison Magic   | 1 2 3 4 |  4.1
Dodging        | 5 6 |  6.8
Stealth        | 5 6 8 |  8.2
Fire Magic     | 6 |  6.9

Action                     |  1- 3 |  4- 6 |  7- 9 | 10-12 || total
---------------------------+-------+-------+-------+-------++-------
  Melee: Short sword       |    74 |    34 |       |       ||   108
         Bite              |    12 |     8 |     9 |       ||    29
         Dagger            |       |    24 |     7 |       ||    31
         Long sword        |       |    31 |   105 |       ||   136
         Punch             |       |     1 |     2 |       ||     3
         Trident           |       |       |    18 |       ||    18
   Cast: Foxfire           |    39 |    37 |    49 |       ||   125
         Scorch            |    11 |    34 |    73 |       ||   118
         Flame Wave        |       |       |     2 |     1 ||     3
    Use: Scroll            |       |    11 |    11 |     2 ||    24
         Potion            |       |     1 |       |     3 ||     4
   Stab: Sleeping          |     4 |    10 |     3 |       ||    17
         Distracted        |       |       |     1 |       ||     1
 Armour: Robe              |    40 |    34 |    53 |     4 ||   131
  Dodge: Dodged            |    74 |    67 |   133 |     6 ||   280
